Map: Oxide LE

Players

LiquidMaNa (MaNa)

  • Race: Protoss Protoss
  • League: Grandmaster
  • Spawn Location: 7:00

Reynor - Winner!

  • Race: Zerg Zerg
  • League: Master
  • Spawn Location: 1:00

Event: DreamHack SC2 Masters 2020 Winter

VOD

Have the link to the VOD?

Description

Time

  • Played on: Oct. 28, 2020, 3:17 p.m.
  • Length: 12:06

All games in this series

Show
View Real Time Build Order
Export as new Build Order

LiquidMaNa Protoss 

Build Orders: 1 Gate Expand 

Get SALT Encoding   

  12  0:00  Probe  
  13  0:12  Probe  
  14  0:19  Pylon  
  14  0:24  Probe  
  15  0:37  Probe (Chrono Boost)  
  16  0:44  Gateway  
  16  0:46  Probe (Chrono Boost)  
  17  0:50  Assimilator  
  17  0:51  Probe  
  18  1:03  Probe (Chrono Boost)  
  19  1:13  Probe (Chrono Boost)  
  20  1:25  Nexus  
  20  1:35  Cybernetics Core  
  20  1:38  Probe  
  21  1:44  Assimilator  
  21  1:50  Probe  
  22  1:57  Pylon  
  22  2:02  Probe  
  23  2:12  Stalker (Chrono Boost)  
  23  2:13  Warp Gate  
  25  2:16  Probe  
  26  2:28  Probe  
  27  2:35  Twilight Council, Adept  
  29  2:38  Probe  
  29  2:40  Probe  
  31  2:50  Probe  
  32  2:52  Probe  
  32  3:02  Robotics Facility, Probe  
  32  3:04  Probe  
  32  3:05  Adept  
  36  3:14  Probe  
  36  3:16  Probe  
  36  3:19  Gateway  
  38  3:20  Resonating Glaives (Chrono Boost)  
  38  3:38  Gateway  
  38  3:39  Gateway  
  38  3:40  Probe x2  
  40  3:47  Warp Prism (Chrono Boost), Pylon  
  40  3:53  Probe  
  40  3:54  Probe  
  44  4:01  Adept  
  46  4:06  Robotics Bay  
  46  4:10  Pylon  
  46  4:13  Adept  
  46  4:16  Observer  
  49  4:19  Shield Battery, Probe x2  
  51  4:34  Adept x4  
  59  4:39  Pylon, Probe  
  59  4:42  Probe  
  61  4:48  Pylon  
  61  4:49  Assimilator  
  61  4:54  Disruptor (Chrono Boost)  
  64  5:00  Probe x2  
  64  5:03  Gateway  
  64  5:05  Adept x2  
  70  5:12  Adept x2  
  74  5:23  Gateway  
  74  5:25  Pylon  
  74  5:38  Disruptor (Chrono Boost)  
  73  5:45  Adept x3  
  73  5:47  Adept  
  77  5:58  Gateway  
  77  5:59  Gravitic Drive, Gateway  
  77  6:09  Adept x3  
  83  6:15  Adept  
  83  6:16  Adept  
  86  6:28  Pylon  
  86  6:33  Pylon  
  86  6:35  Nexus  
  78  6:50  Adept x4  
  78  6:51  Adept x2  
  76  7:16  Adept  
  76  7:17  Adept x7  
  85  7:23  Disruptor  
  85  7:25  Probe x2  
  66  7:49  Adept x4  
  66  7:50  Adept x3  
  66  7:51  Adept  
  74  8:11  Stalker x4  
  77  8:20  Stalker x2  
  79  8:27  Immortal (Chrono Boost)  
  79  8:28  Assimilator  
  83  8:42  Probe  
  83  8:46  Stalker x2  
  88  8:59  Immortal  
  90  9:10  Stalker x2, Zealot x2  
  90  9:11  Zealot x2  
  80  9:26  Probe  
  80  9:27  Probe  
  76  9:32  Stalker  
  76  9:35  Pylon  
  76  9:38  Disruptor  
  78  9:40  Zealot x2  
  59  10:01  Stalker x5  
  68  10:25  Nexus  
  68  10:26  Disruptor (Chrono Boost)  
  71  10:42  Adept x2  
  75  10:54  Disruptor  
  78  11:02  Stalker x2  
  81  11:17  Adept x6  
  93  11:38  Nexus  
Show
View Real Time Build Order
Export as new Build Order

Reynor Zerg - Winner!

Build Orders: Hatch First 

Get SALT Encoding   

  12  0:00  Drone  
  13  0:12  Overlord  
  13  0:17  Drone  
  14  0:30  Drone  
  14  0:31  Drone  
  16  0:42  Drone  
  17  0:52  Hatchery  
  17  0:56  Drone  
  17  1:00  Drone  
  18  1:10  Extractor  
  17  1:15  Spawning Pool  
  17  1:18  Drone  
  17  1:21  Drone  
  18  1:28  Drone  
  19  1:39  Drone  
  20  1:49  Overlord  
  20  2:03  Queen  
  20  2:05  Queen, Zergling x4  
  26  2:10  Drone  
  26  2:14  Metabolic Boost  
  28  2:15  Drone  
  28  2:26  Drone x2  
  30  2:43  Hatchery  
  30  2:44  Drone  
  30  2:45  Drone  
  30  2:49  Drone  
  30  2:50  Overlord  
  31  3:02  Overlord  
  31  3:09  Drone x3  
  31  3:12  Drone  
  35  3:20  Queen  
  35  3:22  Drone x4  
  41  3:32  Overlord  
  41  3:34  Drone  
  42  3:41  Overlord  
  42  3:42  Drone  
  43  3:48  Roach Warren, Zergling x2  
  43  3:52  Drone x3  
  46  3:55  Queen  
  46  3:56  Queen  
  46  3:58  Zergling x2  
  46  4:00  Zergling x2  
  52  4:03  Zergling x2  
  52  4:06  Zergling x4  
  55  4:14  Drone  
  55  4:15  Zergling x6  
  55  4:16  Zergling x2, Spine Crawler  
  59  4:20  Zergling x2  
  59  4:23  Overlord  
  60  4:26  Spore Crawler  
  60  4:27  Drone  
  60  4:29  Roach x2  
  64  4:31  Roach  
  64  4:34  Spore Crawler  
  65  4:47  Roach x4  
  73  4:53  Overlord  
  73  4:59  Overlord  
  73  5:02  Drone  
  73  5:03  Spore Crawler  
  73  5:04  Overlord  
  73  5:08  Drone  
  73  5:11  Overlord  
  75  5:14  Drone x8  
  82  5:23  Drone x3  
  82  5:25  Lair  
  87  5:28  Roach  
  87  5:30  Roach  
  87  5:33  Drone  
  89  5:39  Overlord  
  86  5:44  Roach x2  
  86  5:46  Extractor  
  86  5:47  Extractor  
  86  5:48  Drone  
  88  5:51  Drone  
  88  5:55  Roach  
  88  5:56  Drone x3  
  92  5:57  Extractor  
  92  6:01  Roach x2  
  92  6:02  Queen, Zergling x4  
  99  6:07  Overlord  
  99  6:09  Zergling x4, Roach  
  103  6:12  Zergling x2  
  103  6:16  Overlord  
  104  6:20  Roach  
  104  6:22  Zergling x2  
  107  6:26  Overlord  
  106  6:34  Roach x3, Zergling x2  
  106  6:36  Roach x2, Zergling x4  
  110  6:42  Roach x3  
  110  6:43  Roach x2  
  110  6:45  Overlord  
  120  6:54  Roach x2, Glial Reconstitution  
  120  6:58  Roach  
  122  7:02  Roach x2  
  122  7:03  Roach  
  122  7:08  Roach x3  
  134  7:11  Overlord  
  134  7:14  Roach  
  134  7:15  Roach  
  135  7:18  Overlord  
  111  7:23  Roach x3  
  111  7:27  Roach  
  115  7:31  Roach  
  115  7:34  Drone x5  
  115  7:35  Drone  
  123  7:37  Roach  
  123  7:40  Roach  
  123  7:50  Drone  
  123  7:51  Drone x3  
  126  7:52  Drone  
  126  7:54  Drone  
  126  7:55  Drone  
  129  8:00  Drone  
  129  8:01  Drone x2  
  129  8:02  Overseer  
  132  8:08  Drone  
  132  8:09  Drone x2  
  114  8:14  Roach x2  
  114  8:15  Drone  
  114  8:17  Drone  
  119  8:22  Drone x2  
  119  8:23  Drone  
  120  8:28  Drone x2  
  120  8:29  Drone x3  
  120  8:31  Drone, Extractor  
  125  8:35  Drone x2  
  125  8:36  Drone  
  125  8:40  Drone  
  129  8:45  Baneling Nest  
  129  8:46  Extractor, Roach  
  129  8:47  Roach x2  
  133  8:51  Roach x2  
  133  8:52  Roach  
  133  8:55  Roach  
  141  8:58  Roach x2  
  145  9:07  Roach x4  
  145  9:08  Overlord  
  150  9:11  Roach  
  146  9:17  Overlord  
  146  9:20  Roach x3  
  127  9:32  Roach x4  
  127  9:34  Ravager  
  127  9:35  Ravager  
  137  9:39  Roach x2  
  137  9:45  Roach x2  
  137  9:47  Roach  
  134  9:53  Roach x2  
  134  9:54  Roach  
  134  9:57  Roach  
  134  9:58  Drone, Roach  
  134  9:59  Drone x4  
  131  10:04  Drone  
  132  10:12  Zergling x6, Centrifical Hooks  
  132  10:13  Zergling x2  
  136  10:17  Zergling x2  
  136  10:18  Evolution Chamber  
  136  10:20  Hatchery  
  135  10:23  Zergling x6  
  135  10:24  Zergling x4  
  135  10:28  Zergling x2  
  141  10:33  Zergling x8  
  141  10:34  Overlord  
  145  10:39  Drone x4  
  149  10:44  Zergling x2  
  149  10:48  Ravager x2  
  152  10:50  Zergling x4  
  152  10:51  Zergling x2  
  155  10:58  Zergling x6  
  155  11:02  Zergling x8  
  162  11:04  Zergling x2  
  162  11:08  Drone x3  
  162  11:10  Zergling x2  
  159  11:11  Zergling x2  
  159  11:12  Pneumatized Carapace  
  159  11:18  Drone  
  161  11:19  Drone  
  161  11:21  Overlord  
  161  11:22  Drone x3  
  161  11:25  Drone  
  166  11:28  Drone x3  
  169  11:35  Baneling x14  
  169  11:39  Hatchery  
  168  11:43  Zergling x2  
  168  11:44  Zergling x12  
  168  11:46  Zergling x4  
Tags
 
Add a new tag
Caveats
  • Supply blocks, unpowered buildings, or Contaminate may cause inaccurate times.
  • Supply counts are checked every 10 seconds.